 Dungeon Crawl Stone Soup version 0.22-a0-825-ga28c36f (webtiles) character file.

49 inc the Vexing (level 3, -2/14 HPs)
             Began as a Felid Enchanter on July 24, 2018.
             Slain by a goblin
             ... wielding a +0 club
              (6 damage)
             ... on level 2 of the Dungeon.
             The game lasted 00:02:05 (1278 turns).

inc the Vexing (Felid Enchanter)                    Turns: 1278, Time: 00:02:06

Health: -2/14      AC:  1    Str:  4    XL:     3   Next: 53%
Magic:  3/7        EV: 18    Int: 17    God:
Gold:   76         SH:  0    Dex: 16    Spells: 3/6 levels left
                                        Lives:  0   Deaths: 0

rFire    . . .     SeeInvis +     - Unarmed
rCold    . . .     Gourm    .   (shield unavailable)
rNeg     . . .     Faith    .   (armour unavailable)
rPois    .         Spirit   .   (helmet unavailable)
rElec    .         Reflect  .   (cloak unavailable)
rCorr    .         Harm     .   (gloves unavailable)
MR       .....                  (boots unavailable)
Stlth    +++.......             (no amulet)
HPRegen  0.04/turn              (no ring)
MPRegen  0.10/turn              (no ring)

@: lethally poisoned (-2 -> -19), quick
A: very small, no armour, no weapons or thrown items, stealth, claws 1, fangs 3,
see invisible, carnivore, speed 1, shaggy fur 1, slow metabolism 1, sharp paws
a: no special abilities


You were on level 2 of the Dungeon.
You were not hungry.

You visited 1 branch of the dungeon, and saw 2 of its levels.

You collected 76 gold pieces.

Inventory:

Scrolls
 a - a scroll of fear {unknown}
 c - 4 scrolls of identify {unknown}
 d - 2 scrolls of enchant weapon {unknown}
 g - a scroll of remove curse {unknown}
Potions
 e - a potion of berserk rage {unknown}
 f - a potion of ambrosia {unknown}
 h - 2 potions of brilliance {unknown}
Comestibles
 b - 3 rations


   Skills:
 - Level 2.6 Dodging
 + Level 4.3 Stealth
 + Level 1.4 Unarmed Combat
 - Level 2.0 Spellcasting
 - Level 5.9 Hexes
 - Level 0.9 Ice Magic


You had 3 spell levels left.
You knew the following spells:

 Your Spells              Type           Power        Failure   Level  Hunger
a - Corona                Hex            ###....      1%          1    #......
b - Ensorcelled Hibernat  Hex/Ice        ##....       7%          2    ###....

Your spell library contained the following spells:

 Spells                   Type           Power        Failure   Level  Hunger
 Confuse                  Hex            ###.....     4%          3    ###....
 Tukima's Dance           Hex            ###.....     4%          3    ###....
 Dazzling Spray           Conj/Hex       ##....       17%         3    ###....


Dungeon Overview and Level Annotations

Branches:
Dungeon (2/15)

Altars:
Makhleb
Okawaru


Innate Abilities, Weirdness & Mutations

You cannot wear armour.
You are incapable of wielding weapons or throwing items.
Your paws allow you to move quietly. (Stealth)
You have sharp claws.
You have razor-sharp teeth.
You have supernaturally acute eyesight. (SInv)
You are carnivorous and can eat meat at any time.
You cover ground quickly.
You are covered in fur. (AC +1)
You have a slow metabolism.
Your sharp claws are effective at attacking unaware monsters.


Message History

You claw the adder!
The adder is almost dead.
The adder bites you.
You are poisoned.
The adder poisons you! The adder bites you.
You are more poisoned.
The adder poisons you!
Unknown command.
You scratch the adder.
You kill the adder!
You feel sick.
Casting: Ensorcelled Hibernation (safe; 7% risk of failure)
Confirm with . or Enter, or press ? or * to list all spells.
Aiming: Ensorcelled Hibernation (safe; 7% risk of failure)
Press: ? - help, Shift-Dir - straight line, f - goblin
Aim: a goblin, wielding a club (chance to defeat MR: 62%)
The goblin resists with significant effort.
* * * LOW HITPOINT WARNING * * *
You feel sick. The goblin hits you with a club.
You die...

..#.#..# #.#
...#...#### #(#
..........# #.#
###...###.# #.#
#.#####.######.#
#..............#
#.#####.######K#
#.# #g# #.# #@#
#.# #..# #.#
#..# ..# #..# ##
#..# ...# ##.#
.#


You could see a goblin and a kobold.

Vanquished Creatures
  3 adders (D:2)
  An ooze (D:1)
  3 bats
  4 goblins
  A hobgoblin (D:1)
  A kobold (D:1)
  2 frilled lizards
  6 rats (D:1)
21 creatures vanquished.

Notes
Turn   | Place    | Note
-------+----------+-------------------------------------------
     0 | D:1      | inc the Felid Enchanter began the quest for the Orb.
     0 | D:1      | Reached XP level 1. HP: 7/7 MP: 4/4
    83 | D:1      | Reached skill level 5 in Hexes
   125 | D:1      | Reached XP level 2. HP: 4/11 MP: 1/6
   334 | D:1      | Learned a level 2 spell: Ensorcelled Hibernation
   614 | D:2      | Reached XP level 3. HP: 6/14 MP: 0/7
   955 | D:2      | Found a burning altar of Makhleb.
  1251 | D:2      | Found an iron altar of Okawaru.
  1278 | D:2      | Slain by a goblin

Vault maps used:
D:1:      minmay_arrival_five_plusses
D:2:      makhleb_heckhound_becter, nicolae_ru_awakened_eye,
          lemuel_doored_altar, okawaru_metal_pillars_3

Skill      XL: |  1 |
---------------+----+-----
Hexes          | 5 |  5.9
Dodging        | |  2.6
Stealth        | |  4.3
Unarmed Combat | |  1.4
Spellcasting   | |  2.0
Ice Magic      | |  0.9

Action                   || total
-------------------------++-------
Melee: Unarmed           ||    55
       Bite              ||     7
 Cast: Corona            ||     5
       Ensorcelled Hiber ||    13
 Stab: Sleeping          ||    11
  Eat: Chunk             ||     2
Armor: Skin              ||     4
Dodge: Dodged            ||    66

Table legend:
 A = Spawn XP
 B = Non-spawn XP
 C = Spawn XP percentage of total XP
 D = Spawn monster count
 E = Non-spawn monster count
 F = Spawn count percentage of total count
 G = Total turns spent on level
                    A         B        C        D         E        F      G
               +---------+---------+-------+---------+---------+-------+---------
         Total |       0 |      71 |   0.0 |       0 |      21 |   0.0 |  1278
               +---------+---------+-------+---------+---------+-------+---------
           D:1 |       0 |      28 |   0.0 |       0 |      15 |   0.0 |   604
           D:2 |       0 |      43 |   0.0 |       0 |       6 |   0.0 |   674
               +---------+---------+-------+---------+---------+-------+---------
